cohdb
Replays
Latest Replays
All Replays
Popular Replays
Top Player Replays
Match Explorer
How It Works
Community
CoH3 Stats
Reddit
Sign in to upload your games and track your stats! →
Sign in with Steam
Match 37500251
Unlisted
Match 37500251
Overview
Messages
Build Orders
End
Construct Section Command Post
Dingo Light Scout Car
Infantry Section
Infantry Section
Infantry Section
Selects Air and Sea Battlegroup
Construct Platoon Command Post
Unlock M3 Stuart Light Tanks
M3 Stuart Light Tank
M3 Stuart Light Tank
Construct Company Command Post
Foot Guards Section
Selects Commando Section Paradrop
Commando Section Paradrop
SneaKerz
gb_gbg
Edgar✪
Haxpetten
0
0
Comments
sign in to comment!
No comments posted yet!